 Dungeon Crawl Stone Soup version 0.26.1-2-gb8aa6d0cf2 (webtiles) character file.

Game seed: 67915478006018950

5551 nightchill the Cleaver (level 10, -4/94 HPs)
             Began as a Ghoul Fighter on Mar 15, 2021.
             Was a Follower of Ru.
             Slain by Urug
             ... wielding a +6 eveningstar
              (34 damage)
             ... on level 10 of the Dungeon.
             The game lasted 00:27:56 (14668 turns).

nightchill the Cleaver (Ghoul Fighter)             Turns: 14668, Time: 00:27:56

Health: -4/94      AC: 11    Str: 23    XL:     10   Next: 71%
Magic:  18/18      EV:  8    Int:  4    God:    Ru [*.....]
Gold:   279        SH: 10    Dex:  8    Spells: 9/9 levels left

rFire    + . .     SeeInvis .   a - +1 war axe
rCold    + + .     Faith    +   c - +1 kite shield
rNeg     + + +     Spirit   .   O - +1 acid dragon scales
rPois    ∞         Reflect  .   H - +0 helmet
rElec    .         Harm     .   y - scarf {rC+ rF+}
rCorr    +         Rampage  .   x - +0 pair of gloves
Will     .....                  L - +0 pair of boots
Stlth    ++........             k - amulet of faith
HPRegen  0.00/turn              s - ring of stealth
MPRegen  0.16/turn              i - ring of magical power

@: mighty, very slightly contaminated, invisible
A: claws 1, cold resistance 1, negative energy resistance 3, inhibited
regeneration, torment resistance, unbreathing, no hexes magic, no ice magic, no
summoning magic
a: Renounce Religion


You were on level 10 of the Dungeon.
You worshipped Ru.
Ru was aware of your devotion.
You visited 2 branches of the dungeon, and saw 11 of its levels.

You collected 455 gold pieces.
You spent 176 gold pieces at shops.

Inventory:

Hand Weapons
 a - a +1 war axe (weapon)
 f - a +0 morningstar
 r - a +1 dagger of venom
 D - a +0 war axe
 M - the +6 whip of Tender Mercy {flame, *Noise +Fly Int+3 SInv}
   (You found it on level 8 of the Dungeon)

   It has been specially enchanted to burn those struck by it, causing extra
   injury to most foes and up to half again as much damage against particularly
   susceptible opponents.
   It affects your intelligence (+3).
   It lets you see invisible.
   It lets you fly.
   It may make noises in combat.
Missiles
 m - 41 poisoned darts (quivered)
Armour
 c - a +1 kite shield (worn)
 x - a +0 pair of gloves (worn)
 y - a scarf of resistance (worn)
 H - a +0 helmet (worn)
 L - a +0 pair of boots (worn)
 O - +1 acid dragon scales (worn)
Jewellery
 i - a ring of magical power (right hand)
 k - an amulet of faith (around neck)
 s - a ring of stealth (left hand)
 t - an uncursed ring of resist corrosion
Wands
 o - a wand of digging (10)
 C - a wand of iceblast (5)
 G - a wand of paralysis (8)
 N - a wand of flame (15)
Scrolls
 e - 5 scrolls of remove curse
 h - 4 scrolls of teleportation
 l - a scroll of immolation
 p - a scroll of amnesia
 w - 4 scrolls of fear
 I - a scroll of blinking
 K - a scroll of brand weapon {unknown}
Potions
 g - 6 potions of curing
 j - a potion of ambrosia
 n - 3 potions of heal wounds
 q - 2 potions of brilliance {unknown}
 v - 2 potions of resistance
 A - 2 potions of flight
 B - 3 potions of haste {unknown}
 E - 2 potions of attraction {unknown}
 J - a potion of mutation {unknown}


   Skills:
 + Level 10.4 Fighting
 * Level 11.7 Axes
 - Level 2.6 Armour
 - Level 2.6 Shields


You had 9 spell levels left.
You didn't know any spells.
Your spell library contained the following spells:

 Spells                   Type           Power        Failure   Level
 Magic Dart               Conj           0%           98%         1
 Blink                    Tloc           N/A          99%         2
 Conjure Flame            Conj/Fire      0%           100%        3
 Mephitic Cloud           Conj/Pois/Air  0%           100%        3
 Call Imp                 Summ           Unusable     N/A         2
 Slow                     Hex            Unusable     N/A         2

Dungeon Overview and Level Annotations

Branches:
Dungeon (10/15)            Temple (1/1) D:6
   Lair: D:8-11         Orc: D:9-12

Altars:
Ashenzari
Cheibriados
Dithmenos
Elyvilon
Fedhas
Gozag
Hepliaklqana
Kikubaaqudgha
Makhleb
Nemelex Xobeh
Okawaru
Qazlal
Ru
Sif Muna
Trog
Uskayaw
Vehumet
Wu Jian
Xom
Yredelemnul
Zin
The Shining One

Shops:
D:7 [

Annotations:
D:8 1 exclusion
D:10 Urug


Innate Abilities, Weirdness & Mutations

You thrive by killing the living.
You are immune to poison.
You have sharp fingernails.
Your flesh is cold resistant. (rC+)
You are immune to negative energy. (rN+++)
You do not regenerate when monsters are visible.
You are immune to unholy pain and torment.
You can survive without breathing.
You cannot study or cast Hexes magic.
You cannot study or cast Ice magic.
You cannot study or cast Summoning magic.


Message History

You slash Urug!
Urug is severely wounded.
You slash the cyclops!
You kill the cyclops!
You feel better.
The yak bellows!
You hear a bellow!
Urug throws a javelin.
The javelin pierces through you!!
* * * LOW HITPOINT WARNING * * *
You miss Urug.
Urug is severely wounded.
The orc warrior shouts!
You slash the orc!
You kill the orc!
You feel better.
You catch the helpless howler monkey completely off-guard!
You slice the howler monkey!!
You kill the howler monkey!
The yak bellows!
Urug hits you with a +6 eveningstar!!
You die...

####. ##...
#...... ##..[#
......Y #....#
...o...
##....##.......
#.(...o..h5....
#<.o##oo.....
#.C.#.o......
#...#@[......
##.#(........
#............
#............
#((..........
#####........
##.....#.
##..## ...


You could see Urug, a yak (wandering), an orc warrior (wandering), a howler
monkey (wandering), an orc wizard (wandering), a white imp and an orc.

Vanquished Creatures
  A cyclops (D:10)
  Psyche (D:9)
  Maggie (D:9)
  A troll (D:9)
  3 wyverns
  3 yaks (D:9)
  A water moccasin (D:5)
  4 ice beasts
  2 black bears
  2 sky beasts (D:8)
  2 ogres
  A phantom (D:3)
  5 centaurs
  A big kobold (D:9)
  A wyvern zombie (D:8)
  A bullfrog (D:8)
  3 scorpions
  4 wights (D:7)
  A howler monkey (D:10)
  5 electric eels
  A centaur zombie (D:9)
  2 bullfrog zombies (D:5)
  2 quasits
  A bullfrog skeleton (D:5)
  4 hounds
  A jelly (D:6)
  2 orc priests
  3 centaur skeletons
  A gnoll shaman (D:6)
  4 orc wizards
  3 iguanas
  9 worker ants
  A hound zombie (D:7)
  2 hound skeletons
  A worker ant zombie (D:3)
  10 adders
  5 gnolls (D:6)
  2 howler monkey skeletons
  2 shadow imps
  2 white imps
  2 ufetubi
  3 oozes
  3 adder skeletons
  A dart slug (D:4)
  22 orcs
  7 giant cockroaches
  7 goblins
  9 hobgoblins
  18 jackals
  3 quokkas
  4 ball pythons
  11 bats
  4 frilled lizards
  A jackal skeleton (D:5)
  11 kobolds
  A leopard gecko skeleton (D:7)
  2 quokka skeletons
  10 rats
220 creatures vanquished.

Vanquished Creatures (others)
  An ogre (D:6)
  11 plants (D:6)
12 creatures vanquished.

Grand Total: 232 creatures vanquished

Notes
Turn   | Place    | Note
-------+----------+-------------------------------------------
     0 | D:1      | nightchill the Ghoul Fighter began the quest for the Orb.
     0 | D:1      | Reached XP level 1. HP: 19/19 MP: 0/0
    45 | D:1      | Reached skill level 2 in Axes
    45 | D:1      | Reached XP level 2. HP: 26/26 MP: 1/1
   456 | D:1      | Reached XP level 3. HP: 26/33 MP: 2/2
   748 | D:1      | Reached skill level 3 in Axes
  1169 | D:2      | Reached XP level 4. HP: 40/40 MP: 3/3
  2137 | D:3      | Reached skill level 4 in Axes
  2137 | D:3      | Reached XP level 5. HP: 18/47 MP: 4/4
  2764 | D:3      | Found a sacrificial altar of Ru.
  2793 | D:3      | Became a worshipper of Ru the Awakened
  3205 | D:4      | Reached XP level 6. HP: 54/55 MP: 5/5
  3235 | D:4      | Noticed a phantom
  3339 | D:3      | Killed a phantom
  3340 | D:3      | Reached skill level 5 in Fighting
  3340 | D:3      | Reached skill level 5 in Axes
  3805 | D:4      | Reached XP level 7. HP: 43/61 MP: 6/6
  4352 | D:5      | Entered Level 5 of the Dungeon
  4993 | D:5      | Gained mutation: You cannot study or cast Ice magic. [Ru
                  | sacrifice]
  4993 | D:5      | Gained mutation: You cannot study or cast Hexes magic. [Ru
                  | sacrifice]
  4993 | D:5      | Gained mutation: You cannot study or cast Summoning magic.
                  | [Ru sacrifice]
  4993 | D:5      | Reached * piety under Ru
  5007 | D:5      | Reached skill level 6 in Axes
  5525 | D:5      | Reached XP level 8. HP: 27/71 MP: 7/7
  6171 | D:5      | Reached skill level 7 in Axes
  6993 | D:6      | Found a staircase to the Ecumenical Temple.
  6999 | Temple   | Entered the Ecumenical Temple
  7610 | D:6      | Reached skill level 8 in Axes
  8149 | D:6      | Reached XP level 9. HP: 76/80 MP: 8/8
  9886 | D:6      | Found a hide-covered altar of Uskayaw.
 10100 | D:7      | Reached skill level 9 in Axes
 10582 | D:7      | Found Coepovio's Antique Armour Shop.
 10590 | D:7      | Bought a runed scarf for 176 gold pieces
 12144 | D:8      | Reached skill level 10 in Axes
 12837 | D:8      | Identified the +6 whip of Tender Mercy {flame, *Noise +Fly
                  | Int+3 SInv} (You found it on level 8 of the Dungeon)
 12923 | D:9      | Reached XP level 10. HP: 57/91 MP: 9/9
 13254 | D:9      | Found a sacrificial altar of Ru.
 13334 | D:9      | Reached skill level 11 in Axes
 13799 | D:9      | Noticed Maggie
 13818 | D:9      | Killed Maggie
 13819 | D:9      | Reached skill level 10 in Fighting
 13994 | D:9      | Noticed Psyche
 14016 | D:9      | Killed Psyche
 14635 | D:10     | Entered Level 10 of the Dungeon
 14639 | D:10     | Noticed a cyclops
 14639 | D:10     | Noticed Urug
 14667 | D:10     | Killed a cyclops
 14668 | D:10     | Slain by Urug

Illustrated notes

Levels and vault maps discovered:
D:1:      ebering_trefoil_3fold, layout_loops_ring, minmay_cupped
D:2:      minmay_wonky_spiral, layout_rooms
D:3:      layout_basic, overflow_temple_1_default, serial_undead,
          serial_undead_f, serial_undead_c, serial_undead_e, serial_undead_a,
          serial_undead_e, serial_undead_b, serial_undead_e, serial_undead_f,
          grunt_ministairs_13, grunt_decor_arrowhead, grunt_decor_junction
D:4:      layout_rooms, minmay_fountain_box
D:5:      layout_gridville
D:6:      kennysheep_big_flooded_room, layout_loops_ring, temple_statues,
          basic_altar, serial_bayou, serial_bayou_pond_a, serial_bayou_pond_e,
          serial_bayou_pond_c, serial_bayou_ford_a
D:7:      layout_basic, serial_shops, shop
D:8:      layout_cave_pods, kennysheep_doodads
D:9:      layout_basic, basic_altar, uniq_maggie, uniq_psyche
D:10:     layout_cave_pools, uniq_urug
Temple:   nicolae_temple_the_god_donut

Skill      XL: |  1  2  3  4  5  6  7  8  9 10 |
---------------+-------------------------------+-----
Axes           | 2 3 4 5 6 8 10 11 | 11.7
Fighting       | 4 5 6 7 9 10 | 10.4
Armour         | |  2.6
Shields        | |  2.6

Action                   |  1- 3 |  4- 6 |  7- 9 | 10-12 || total
-------------------------+-------+-------+-------+-------++-------
Melee: War axe           |   148 |   175 |   509 |   114 ||   946
Invok: Sacrifice Arcana  |       |       |     1 |       ||     1
       Reject Sacrifices |       |       |     2 |       ||     2
Evoke: Wand              |       |       |     2 |     2 ||     4
  Use: Scroll            |       |     9 |     8 |     2 ||    19
       Potion            |       |       |     1 |     2 ||     3
 Stab: Distracted        |       |       |     2 |     1 ||     3
       Paralysed         |       |       |     1 |     3 ||     4
       Invisible         |       |       |       |     5 ||     5
Armor: Scale mail        |    66 |    73 |   188 |    35 ||   362
       Acid dragon scale |       |       |       |     5 ||     5
Dodge: Dodged            |    58 |    54 |   152 |    32 ||   296
Block: Kite shield       |    77 |    93 |   231 |    45 ||   446
